 Dungeon Crawl Stone Soup version 0.30-a0-187-gd9c2deaf24 (webtiles) character file.

Game seed: 6384160794037918322

100 KennySheep the Sneak (level 4, -2/24 HPs)
             Began as a Vampire Enchanter on Oct 3, 2022.
             Was an Initiate of Ashenzari.
             Slain by a gnoll
             ... wielding a +0 halberd
              (16 damage)
             ... on level 3 of the Dungeon.
             The game lasted 00:06:58 (1390 turns).

KennySheep the Sneak (Vampire Enchanter)            Turns: 1390, Time: 00:06:59

Health: -2/24      AC:  2    Str:  7    XL:     4   Next: 47%
Magic:  3/7        EV: 12    Int: 17    God:    Ashenzari [......]
Gold:   68         SH:  4    Dex: 16    Spells: 3/7 levels left

rFire   . . .      SeeInvis +    a - +1 dagger
rCold   + + .      Faith    .    d - +0 buckler
rNeg    + + +      Spirit   .    b - +0 robe
rPois   ∞          Reflect  .    (no helmet)
rElec   .          Harm     .    g - scarf of Ashenzari's Sun {+Inv, Evo, Comp} (curse)
rCorr   .          Rampage  .    (no gloves)
Will    .....                    (no boots)
Stlth   +++++.....               (no amulet)
HPRegen 0.00/turn                l - ring of wizardry
MPRegen 0.10/turn                (no ring)

@: bloodless, inhibited regen
A: bloodless, fangs 3, see invisible, vampiric 2
a: Bat Form, Revivify, Renounce Religion, Evoke Invisibility, Shatter the Chains


You were on level 3 of the Dungeon.
You worshipped Ashenzari.
Ashenzari was noncommittal.
You visited 1 branch of the dungeon, and saw 3 of its levels.

You collected 68 gold pieces.

Inventory:

Hand Weapons
 a - a +1 dagger (weapon)
Armour
 b - a +0 robe (worn)
 d - a +0 buckler (worn)
 g - the cursed scarf of Ashenzari's Sun (worn) {+Inv, Evo, Comp}
   (You found it on level 1 of the Dungeon)

   It has a curse which improves the following skills: Evocations: Evocations.
   Companions: Summonings and Necromancy.
Jewellery
 l - a ring of wizardry (left hand)
Scrolls
 e - a scroll of poison {unknown}
 h - a scroll of vulnerability {unknown}
 m - 2 scrolls of blinking {unknown}
 n - a scroll of enchant armour {unknown}
 o - a scroll of identify {unknown}
Potions
 c - a potion of invisibility
 f - 2 potions of heal wounds
 i - a potion of lignification {unknown}
 j - a potion of berserk rage {unknown}
 k - a potion of ambrosia {unknown}
 p - a potion of cancellation {unknown}


   Skills:
 * Level 2.3 Short Blades
 - Level 2.2 Dodging
 * Level 5.5 Stealth
 + Level 0.9 Shields
 + Level 2.3 Spellcasting
 * Level 5.1 Hexes
 * Level 1.1 Ice Magic
 + Level 0.5(0.7) Evocations


You had 3 spell levels left.
You knew the following spells:

 Your Spells              Type           Power      Damage    Failure   Level
a - Ensorcelled Hibernat  Hex/Ice        24%        N/A       4%          2
b - Blink                 Tloc           2%         N/A       16%         2

Your spell library contained the following spells:

 Spells                   Type           Power      Damage    Failure   Level
 Confusing Touch          Hex            19%        N/A       4%          3
 Tukima's Dance           Hex            19%        N/A       4%          3
 Freeze                   Ice            20%        1d4       6%          1
 Dazzling Flash           Conj/Hex       20%        N/A       11%         3
 Frozen Ramparts          Ice            10%        1d2       19%         3
 Hailstorm                Conj/Ice       3%         3d3       24%         3
 Vhi's Electric Charge    Tloc/Air       2%         N/A       30%         3
 Manifold Assault         Tloc           1%         N/A       67%         4
 Storm Form               Tmut/Air       0%         N/A       100%        7


Dungeon Overview and Level Annotations

Branches:
Dungeon (3/15)

Altars:
Ashenzari

Shops:
D:2 [


Innate Abilities, Weirdness & Mutations

You do not regenerate when monsters are visible.
You are frail without blood (-20% HP).
You can heal yourself when you bite living creatures.
You are immune to poison.
You have razor-sharp teeth.
You have supernaturally acute eyesight. (SInv)
You are afflicted with vampirism and can become a bat while bloodless.


Message History

Done exploring.
Done exploring.
Done exploring.
There is a stone staircase leading down here.
You climb downwards.
There is a stone staircase leading up here.
A rat comes into view.
The orc shouts!
The orc wizard shouts!
You block the orc's attack.
There is a stone staircase leading up here.
You climb upwards.
There is a stone staircase leading down here.
There is a stone staircase leading down here.
You climb downwards.
The gnoll shouts! x3; The hobgoblin shouts!
There is a stone staircase leading up here.
The gnoll hits you with a +0 club.
Casting: Ensorcelled Hibernation (safe; 4% risk of failure)
Confirm with . or Enter, or press ? or * to list all spells.
Aiming: Ensorcelled Hibernation (safe; 4% risk of failure)
Press: ? - help, Shift-Dir - straight line, f - gnoll
Aim: a gnoll, wielding a +0 club (chance to affect: 54%)
The gnoll looks drowsy...
The helpless gnoll fails to defend itself.
You bite the gnoll, and draw its blood!
You feel better.
You impale the gnoll!!
You kill the gnoll!
The gnoll hits you from afar with a +0 halberd.
Casting: Ensorcelled Hibernation (safe; 4% risk of failure)
Confirm with . or Enter, or press ? or * to list all spells.
Aiming: Ensorcelled Hibernation (safe; 4% risk of failure)
Press: ? - help, Shift-Dir - straight line, f - gnoll
Aim: a gnoll, wielding a +0 halberd (chance to affect: 54%)
The gnoll looks drowsy...
The gnoll shouts!
The gnoll hits you with a +0 halberd. The gnoll barely misses you.
Things that are here:
a +0 club; a gnoll corpse The gnoll attacks as you move away!
The gnoll hits you with a +0 halberd!
Ouch! That really hurt!
You die...

#. #. #. #.
#. #.
#.###########
#..@gg......#
#####g....#.
# ##....# .#
.##.# .####
.# # ....# ..
.# ##


You could see 2 gnolls and a hobgoblin.

Vanquished Creatures
  2 gnolls
  4 adders (D:2)
  2 dart slugs
  5 ball pythons
  An endoplasm (D:2)
  3 giant cockroaches
  8 goblins
  2 hobgoblins
  4 jackals (D:1)
  A quokka (D:2)
  2 bats
  5 frilled lizards
  2 kobolds (D:1)
  A rat (D:2)
42 creatures vanquished.

Notes
Turn   | Place    | Note
-------+----------+-------------------------------------------
     0 | D:1      | KennySheep the Vampire Enchanter began the quest for the
                  | Orb.
     0 | D:1      | Reached XP level 1. HP: 13/13 MP: 3/3
   122 | D:1      | Reached XP level 2. HP: 11/15 MP: 5/5
   168 | D:1      | Learned a level 2 spell: Ensorcelled Hibernation
   171 | D:1      | Learned a level 2 spell: Blink
   180 | D:1      | Reached skill level 5 in Stealth
   285 | D:1      | Gained mutation: You are afflicted with vampirism and can
                  | become a bat while bloodless. [Vampire growth]
   285 | D:1      | Reached XP level 3. HP: 19/19 MP: 6/6
   781 | D:2      | Found a faded altar of an unknown god.
   803 | D:2      | Prayed at the altar of an unknown god.
   803 | D:2      | Became a worshipper of Ashenzari the Shackled
   954 | D:2      | Reached skill level 1 in Ice Magic
   958 | D:2      | Reached skill level 5 in Hexes
   958 | D:2      | Reached XP level 4. HP: 24/24 MP: 7/7
  1057 | D:2      | Found Byen Mau's Antique Armour Shoppe.
  1390 | D:3      | Slain by a gnoll

Illustrated notes

Levels and vault maps discovered:
D:1:      enne_arrival_octagon_isle, layout_loops_cross
D:2:      minmay_wonky_spiral, layout_basic, serial_glass, glass_columns_a,
          glass_columns_a, serial_shops, nicolae_square_shop,
          dreamdust_ecumenical_altar_statues
D:3:      kennysheep_goblin_castle, layout_basic, lemuel_tele_altar,
          mainiacjoe_overflow_boulevard

Skill      XL: |  1  2  3 |
---------------+----------+-----
Stealth        | 5 |  5.5
Short Blades   | 2 |  2.3
Ice Magic      | 1 |  1.1
Hexes          | 5 |  5.1
Dodging        | |  2.2
Shields        | |  0.9
Spellcasting   | |  2.3
Evocations     | |  0.5

Action                   |  1- 3 |  4- 6 || total
-------------------------+-------+-------++-------
Melee: Dagger            |    89 |    16 ||   105
       Bite              |     5 |     2 ||     7
 Cast: Ensorcelled Hiber |     5 |     2 ||     7
Invok: Curse Item        |     1 |       ||     1
 Abil: Exsanguinate      |     1 |       ||     1
  Use: Potion            |     1 |     1 ||     2
 Stab: Sleeping          |    16 |     4 ||    20
       Invisible         |     1 |       ||     1
       Distracted        |     1 |       ||     1
Armor: Robe              |     5 |     1 ||     6
Dodge: Dodged            |    36 |    10 ||    46
Block: Buckler           |    14 |     1 ||    15

Table legend: (Time is in decaauts)
 A = Elapsed time spent in this place.
 B = Non-inter-level travel time spent in this place.
 C = Inter-level travel time spent in this place.
 D = Time resting spent in this place.
 E = Time spent auto-exploring this place.
 F = Levels seen in this place.
 G = Mean time per level.
                   A        B        C        D        E       F      G
               +--------+--------+--------+--------+--------+-----+--------+
         Total |   1384 |   1305 |     79 |     74 |    888 |   3 |  461.3 |
       Dungeon |   1384 |   1305 |     79 |     74 |    888 |   3 |  461.3 |
               +--------+--------+--------+--------+--------+-----+--------+

Top non-repeatable levels by time:
     D:2: 699 daAuts
     D:1: 673 daAuts
     D:3: 11 daAuts
